Map: Zen LE

Players

Xerolas

  • Race: Terran Terran
  • League: Silver
  • Spawn Location: 1:00

antagomiR - Winner!

  • Race: Protoss Protoss
  • League: Gold
  • Spawn Location: 7:00

VOD

Have the link to the VOD?

Description

Time

  • Played on: April 5, 2020, 6:12 p.m.
  • Length: 12:31
Show
View Real Time Build Order
Export as new Build Order

Xerolas Terran 

Build Orders:  

Get SALT Encoding   

  12  0:09  Supply Depot  
  12  0:13  SCV  
  13  0:26  SCV  
  14  0:33  Barracks  
  14  0:46  Supply Depot  
  14  0:49  SCV  
  15  0:56  Refinery  
  15  1:03  SCV  
  16  1:15  SCV  
  17  1:28  SCV  
  18  1:36  Marine  
  19  1:45  SCV  
  20  1:57  SCV  
  20  2:00  Marine  
  22  2:03  Factory  
  22  2:10  Orbital Command  
  22  2:18  Marine  
  23  2:40  Barracks Tech Lab  
  23  2:42  SCV  
  24  2:47  Refinery  
  24  2:55  SCV  
  24  2:58  Factory Tech Lab  
  25  3:03  Starport  
  25  3:04  Marine  
  26  3:07  SCV  
  27  3:22  Marine  
  28  3:27  Siege Tank  
  31  3:41  Engineering Bay  
  31  3:58  Command Center  
  31  4:01  Marine  
  31  4:08  Engineering Bay  
  31  4:42  Supply Depot  
  31  4:46  Supply Depot  
  31  4:47  Supply Depot  
  31  4:51  Starport Reactor  
  31  4:53  Terran Infantry Weapons Level 1  
  31  4:54  Terran Infantry Armor Level 1  
  31  5:03  Marine  
  35  5:07  Siege Tank  
  35  5:21  Marine, Combat Shield  
  35  5:23  Barracks  
  35  5:25  Orbital Command  
  36  6:00  SCV  
  36  6:01  SCV  
  38  6:13  SCV x2  
  38  6:16  Barracks Reactor  
  40  6:21  Barracks  
  40  6:25  SCV x2  
  42  6:33  Siege Tank  
  42  6:35  Medivac x2  
  42  6:37  SCV x2  
  51  6:40  Marine, Stimpack  
  52  6:49  SCV x2  
  54  6:58  Marine  
  54  6:59  Refinery  
  56  7:01  SCV x2  
  57  7:13  SCV x2, Command Center  
  59  7:15  Marine  
  59  7:21  Barracks Reactor  
  60  7:25  SCV x2  
  60  7:26  Barracks  
  62  7:33  Marine x2  
  62  7:34  Marine  
  65  7:37  SCV x2  
  67  7:49  SCV x2  
  69  7:51  Marine  
  69  7:53  Supply Depot  
  70  8:14  Marine x3  
  73  8:27  Marine x2  
  73  8:28  Marine  
  73  8:32  Marine x3  
  79  8:35  Medivac x2  
  79  8:36  Siege Tank  
  79  8:38  Armory  
  86  8:45  Marine x3  
  89  8:50  Marine x3  
  92  9:01  Orbital Command  
  92  9:03  Marine  
  92  9:08  Refinery  
  93  9:28  Supply Depot  
  93  9:31  Supply Depot  
  93  9:34  Supply Depot x2  
  93  9:36  Terran Infantry Weapons Level 2  
  93  9:37  Terran Infantry Armor Level 2  
  93  9:41  Terran Vehicle Weapons Level 1  
  93  9:50  Marine x5, SCV, Marauder  
  93  9:51  Supply Depot  
  93  9:52  SCV  
  102  9:53  Thor  
  108  10:02  SCV  
  108  10:04  SCV  
  110  10:07  Marine x2, Factory  
  110  10:12  Marauder  
  114  10:14  SCV  
  114  10:16  SCV  
  116  10:25  Marine  
  116  10:26  SCV  
  118  10:28  SCV  
  119  10:36  Thor  
  119  10:38  SCV  
  119  10:41  SCV  
  127  11:02  Marine, Marauder  
  127  11:03  Marine x3, Barracks Reactor  
  133  11:15  Medivac  
  115  11:20  Marine  
  115  11:21  Marine x3  
  115  11:23  Thor, Marauder  
  99  11:38  Marine  
  99  11:39  Marine x3  
  86  11:44  Marauder  
  68  11:47  Factory Tech Lab  
  50  11:56  Marine x4  
  50  12:00  Marine  
  50  12:01  Marine  
  49  12:06  Marauder  
Show
View Real Time Build Order
Export as new Build Order

antagomiR Protoss - Winner!

Build Orders: Zealot Archon 

Get SALT Encoding   

  12  0:01  Probe  
  13  0:13  Probe  
  14  0:18  Pylon  
  14  0:25  Probe  
  15  0:38  Gateway  
  15  0:44  Probe  
  16  0:56  Probe  
  17  0:59  Assimilator  
  17  1:08  Probe  
  18  1:20  Probe  
  19  1:26  Cybernetics Core  
  19  1:32  Probe  
  20  1:44  Probe  
  21  1:50  Assimilator  
  21  1:56  Probe  
  21  1:57  Warp Gate (Chrono Boost)  
  22  2:11  Pylon  
  22  2:22  Gateway  
  22  2:24  Gateway  
  22  2:26  Probe  
  22  2:29  Adept  
  25  2:38  Probe  
  26  2:48  Nexus  
  26  2:50  Probe  
  26  3:00  Adept  
  26  3:02  Probe  
  29  3:06  Pylon  
  29  3:15  Probe  
  29  3:18  Robotics Facility  
  30  3:26  Shield Battery  
  30  3:27  Probe  
  31  3:39  Probe  
  32  3:41  Twilight Council  
  32  3:51  Probe, Pylon  
  33  4:03  Probe  
  34  4:14  Probe  
  34  4:15  Probe  
  36  4:22  Pylon  
  36  4:23  Sentry x2  
  40  4:26  Probe  
  40  4:27  Probe  
  40  4:29  Observer  
  43  4:35  Charge  
  43  4:42  Probe x2  
  45  4:46  Templar Archives  
  45  4:50  Observer  
  46  4:53  Pylon  
  46  4:54  Probe  
  46  4:57  Gateway  
  46  4:58  Probe, Gateway  
  48  5:05  Stalker  
  48  5:06  Probe  
  51  5:10  Probe  
  51  5:13  Assimilator  
  52  5:15  Sentry, Zealot  
  56  5:24  Probe x2  
  58  5:29  Pylon  
  58  5:36  Probe  
  59  5:43  Assimilator  
  59  5:44  Probe  
  59  5:48  Probe  
  61  6:05  Stalker  
  61  6:06  Zealot  
  61  6:07  Zealot x2  
  69  6:12  Probe x2  
  71  6:24  Forge  
  71  6:25  Probe x2, Forge  
  73  6:28  Sentry  
  73  6:29  Pylon, Zealot x2  
  73  6:30  Zealot x2  
  83  6:33  Pylon  
  83  6:56  High Templar  
  83  6:57  High Templar x3  
  91  7:08  Nexus  
  91  7:11  Pylon  
  91  7:14  Pylon  
  91  7:17  Shield Battery  
  91  7:27  Photon Cannon  
  91  7:30  Shield Battery  
  91  7:31  Shield Battery  
  91  7:44  High Templar x4, Zealot  
  93  7:46  Archon  
  93  7:48  Archon x2  
  93  7:50  Archon  
  101  8:09  Gateway  
  101  8:11  Gateway  
  101  8:12  Gateway  
  101  8:14  Gateway  
  101  8:15  Gateway  
  101  8:18  Protoss Ground Weapons Level 1 (Chrono Boost)  
  101  8:19  Protoss Ground Armor Level 1 (Chrono Boost)  
  101  8:20  Gateway x2  
  101  8:34  Probe x2  
  103  8:46  Probe x2  
  105  8:55  High Templar x2  
  107  8:56  High Templar x2  
  107  8:58  Probe, Zealot  
  107  8:59  Archon  
  107  9:00  Archon  
  115  9:11  Assimilator, Psionic Storm  
  115  9:13  Assimilator  
  115  9:28  Zealot x3  
  115  9:29  Zealot x4  
  115  9:30  Zealot x2  
  133  9:39  Pylon  
  133  9:40  Pylon  
  133  9:41  Pylon  
  133  9:42  Pylon  
  133  9:46  Pylon  
  133  9:49  Photon Cannon  
  133  9:51  Photon Cannon  
  133  10:05  Warp Prism  
  135  10:17  Robotics Facility x2  
  135  10:41  Immortal, Zealot x4  
  135  10:42  Zealot x5  
  155  10:43  Zealot x2  
  155  10:45  Zealot  
  163  10:56  Probe x3  
  166  10:59  Pylon  
  166  11:08  Probe x3  
  166  11:10  Nexus  
  169  11:13  Pylon  
  169  11:14  Pylon  
  167  11:20  Probe, Immortal  
  158  11:54  Stalker x3  
  158  11:55  High Templar x3  
  158  11:56  High Templar x4  
  158  11:57  Zealot x2  
Tags
 
Composition
Zealot Archon
Matchup
PvT
Replay Pack
20200422
Spawn Locations
Cross Positions
Add a new tag
Caveats
  • Supply blocks, unpowered buildings, or Contaminate may cause inaccurate times.
  • Supply counts are checked every 10 seconds.